 Dungeon Crawl Stone Soup version 0.30-a0-377-g5cb311bc9f (webtiles) character file.

Game seed: 13086221541818740175

309 bande the Covered (level 6, -1/38 HPs)
             Began as a Gargoyle Fighter on Nov 28, 2022.
             Slain by a goblin
             ... wielding a +0 dagger
              (2 damage)
             ... on level 4 of the Dungeon.
             The game lasted 00:05:48 (3118 turns).

bande the Covered (Gargoyle Fighter)                Turns: 3118, Time: 00:05:48

Health: -1/38      AC: 13    Str: 19    XL:     6   Next: 41%
Magic:  15/15      EV:  9    Int:  9    God:
Gold:   115        SH:  4    Dex: 11    Spells: 5/5 levels left

rFire   . . .      SeeInvis .    a - +1 war axe
rCold   + . .      Faith    .    c - +0 buckler
rNeg    + . .      Spirit   .    b - +0 scale mail
rPois   ∞          Reflect  .    q - +1 helmet of Hospitality {rC+ MP+9}
rElec   +          Harm     .    (no cloak)
rCorr   .          Rampage  .    (no gloves)
Will    .....                    (no boots)
Stlth   ..........               (no amulet)
HPRegen 0.26/turn                (no ring)
MPRegen 0.14/turn                (no ring)

@: mighty
A: sickness immunity, AC +4, negative energy resistance 1, electricity
resistance, torment resistance 1, petrification resistance
a: no special abilities


You were on level 4 of the Dungeon.
You visited 1 branch of the dungeon, and saw 4 of its levels.

You collected 115 gold pieces.

Inventory:

Hand Weapons
 a - a +1 war axe (weapon)
 p - a +0 morningstar
Missiles
 m - 2 throwing nets (quivered)
Armour
 b - a +0 scale mail (worn)
 c - a +0 buckler (worn)
 q - the +1 helmet of Hospitality (worn) {rC+ MP+9}
   (You found it on level 4 of the Dungeon)

   rC:        It protects you from cold.
   MP:        It affects your magic capacity (+9).
Jewellery
 n - a ring of willpower
Wands
 i - a wand of flame (7)
Scrolls
 f - a scroll of teleportation
 o - a scroll of poison
Potions
 e - a potion of invisibility
 g - a potion of ambrosia {unknown}
 h - 2 potions of heal wounds
 j - a potion of attraction {unknown}
 k - a potion of brilliance {unknown}
 l - 3 potions of curing


   Skills:
 + Level 4.1 Fighting
 + Level 4.0 Axes
 + Level 4.2 Armour
 - Level 0.2 Dodging
 + Level 0.1 Stealth
 + Level 3.9 Shields
 * Level 2.1 Evocations


You had 5 spell levels left.
You didn't know any spells.
Your spell library contained the following spells:

 Spells                   Type           Power      Damage    Failure   Level
 Apportation              Tloc           0%         N/A       83%         1
 Ensorcelled Hibernation  Hex/Ice        0%         N/A       93%         2
 Spider Form              Tmut/Pois      0%         N/A       99%         3
 Anguish                  Hex/Necr       0%         N/A       100%        4
 Alistair's Intoxication  Tmut/Pois      0%         N/A       100%        5


Dungeon Overview and Level Annotations

Branches:
Dungeon (4/15)
 Temple: D:4-7

Altars:


Innate Abilities, Weirdness & Mutations

You are immune to sickness and miasma.
Your stone body is resilient. (AC +4)
You are immune to poison.
You resist negative energy. (rN+)
You are resistant to electric shocks. (rElec)
You are resistant to unholy torment.
You are immune to petrification.


Message History

You kill the steam dragon!
You closely miss the hound. You hit the iguana. The hound bites you.
* * * LOW HITPOINT WARNING * * *
The iguana closely misses you.
An endoplasm comes into view.
The hound bites you but does no damage.
Your Fighting skill increases to level 4!
Your Axes skill increases to level 4!
Your Evocations skill increases to level 2!
You have reached level 6!
The endoplasm quivers.
The hound bites you but does no damage. The iguana bites you.
* * * LOW HITPOINT WARNING * * *
You see here a steam dragon corpse.
Unknown command.
Found an encrusted iron wand.
The hound barely misses you. The iguana bites you.
* * * LOW HITPOINT WARNING * * *
You block the endoplasm's attack. The hound barely misses you.
Unknown command.
Unknown command.
You slash the endoplasm!
You kill the endoplasm!
You slash the iguana! You hit the hound.
The hound bites you but does no damage. The iguana barely misses you.
The hound closely misses you. The hound bites you.
* * * LOW HITPOINT WARNING * * *
Unknown command.
The hound barely misses you. The goblin completely misses you.
The hound closely misses you.
Unknown command.
You slash the iguana!
You kill the iguana!
You barely miss the goblin. You hit the hound.
You kill the hound!
The goblin hits you with a +0 dagger.
* * * LOW HITPOINT WARNING * * *
The goblin hits you with a +0 dagger.
You die...

..............#
....#.......## .. .....
.#.......##..## .##.....
###.####..##..# .......#
###.####.###.## .......#
.#............##........
...#...........#........
...#..........††#g....#
..........>.#..†@...#
...##.......##....###
..###......$##........
.## ...#.####..........
.# ..#### #...........
## ###........#
#........# ##..../..#


You could see a goblin.

Vanquished Creatures
  A steam dragon (D:4)
  A hound (D:4)
  An iguana (D:4)
  8 gnolls
  2 adders
  5 dart slugs
  2 orcs (D:3)
  4 endoplasms
  A giant cockroach (D:1)
  3 goblins (D:1)
  8 hobgoblins
  7 jackals (D:1)
  13 kobolds
  3 quokkas
  6 ball pythons
  11 bats
  2 rats (D:3)
78 creatures vanquished.

Vanquished Creatures (others)
  6 plants (D:2)
6 creatures vanquished.

Grand Total: 84 creatures vanquished

Notes
Turn   | Place    | Note
-------+----------+-------------------------------------------
     0 | D:1      | bande the Gargoyle Fighter began the quest for the Orb.
     0 | D:1      | Reached XP level 1. HP: 14/14 MP: 1/1
   109 | D:1      | Reached XP level 2. HP: 19/19 MP: 2/2
   231 | D:1      | Found a faded altar of an unknown god.
   247 | D:1      | Reached XP level 3. HP: 23/23 MP: 3/3
   932 | D:1      | Reached XP level 4. HP: 25/29 MP: 4/4
  1358 | D:2      | Reached skill level 1 in Evocations
  2096 | D:2      | Reached XP level 5. HP: 28/33 MP: 5/5
  2989 | D:4      | Identified the +1 helmet of Hospitality {rC+ MP+9}
  3100 | D:4      | Noticed a steam dragon
  3112 | D:4      | Killed a steam dragon
  3113 | D:4      | Reached XP level 6. HP: 11/38 MP: 6/6
  3118 | D:4      | HP: 1/38 [goblin/+0 dagger (3)]
  3118 | D:4      | Slain by a goblin

Illustrated notes

Levels and vault maps discovered:
D:1:      psy_arrival_whirlpool, layout_rooms,
          hellmonk_ecumenical_altar_lost_god
D:2:      layout_basic, nicolae_grassy_gnolls
D:3:      layout_basic, minmay_stone_trees_small, serial_park_tiny_2,
          minmay_increasing_density
D:4:      layout_cave_pools, mainiacjoe_overflow_brackets

Skill      XL: |  1  2  3  4  5 |
---------------+----------------+-----
Axes           | 2 3 4 |  4.0
Evocations     | 1 2 |  2.1
Armour         | 4 |  4.2
Fighting       | 4 |  4.1
Dodging        | |  0.2
Stealth        | |  0.1
Shields        | |  3.9

Action                   |  1- 3 |  4- 6 || total
-------------------------+-------+-------++-------
Melee: War axe           |   101 |   116 ||   217
  Use: Scroll            |       |    10 ||    10
       Potion            |       |     2 ||     2
Armor: Scale mail        |   104 |    81 ||   185
Dodge: Dodged            |    79 |    91 ||   170
Block: Buckler           |    29 |    35 ||    64

Table legend: (Time is in decaauts)
 A = Elapsed time spent in this place.
 B = Non-inter-level travel time spent in this place.
 C = Inter-level travel time spent in this place.
 D = Time resting spent in this place.
 E = Time spent auto-exploring this place.
 F = Levels seen in this place.
 G = Mean time per level.
                   A        B        C        D        E       F      G
               +--------+--------+--------+--------+--------+-----+--------+
         Total |   3214 |   3166 |     48 |    891 |   1599 |   4 |  803.5 |
       Dungeon |   3214 |   3166 |     48 |    891 |   1599 |   4 |  803.5 |
               +--------+--------+--------+--------+--------+-----+--------+

Top non-repeatable levels by time:
     D:1: 1222 daAuts
     D:2: 947 daAuts
     D:3: 891 daAuts
     D:4: 153 daAuts
